PCL
CALGARY COWBOYS @ LAS VEGAS STARS
06/03/2024
 
TOP OF THE 1ST
Calgary Cowboys batting - Pitching for Las Vegas Stars : RHP Brett Dwyer
Pitching: RHP Brett Dwyer
Batting: RHB Clark Hodge 0-0: Called Strike
0-1: Foul Ball, location: 2F
0-2: Ball
1-2: Ball
2-2: Ball
3-2: Strikes out swinging
Batting: RHB Mike Wilcox 0-0: Swinging Strike
0-1: Foul Ball, location: 2F
0-2: Fly out, F8 (Flyball, 8RM)
Batting: RHB Dan Wyatt 0-0: Fly out, F3 (Popup, 3)
Top of the 1st over - 0 run(s), 0 hit(s), 0 error(s), 0 left on base; Calgary 0 - Las Vegas 0
BOTTOM OF THE 1ST
Las Vegas Stars batting - Pitching for Calgary Cowboys : RHP Lucas Taylor
Pitching: RHP Lucas Taylor
Batting: RHB Xin Zhang 0-0: Foul Ball, location: 2F
0-1: Foul Ball, location: 2F
0-2: Ball
1-2: Ball
2-2: Foul Ball, location: 2F
2-2: Ground out 2-3 (Groundball, 23)
Batting: RHB Ron Shelton 0-0: Called Strike
0-1: Swinging Strike
0-2: Ball
1-2: Ball
2-2: Foul Ball, location: 2F
2-2: SINGLE (Line Drive, 4D)
Batting: LHB Eliot Helen Pickoff Throw to First - Out!
0-0: Called Strike
0-1: Ball
1-1: Ball
2-1: Called Strike
2-2: Foul Ball, location: 2F
2-2: Fly out, F7 (Flyball, 78M)
Bottom of the 1st over - 0 run(s), 1 hit(s), 0 error(s), 0 left on base; Calgary 0 - Las Vegas 0
TOP OF THE 2ND
Calgary Cowboys batting - Pitching for Las Vegas Stars : RHP Brett Dwyer
Batting: RHB Cristián Peña 0-0: Ball
1-0: Ball
2-0: SINGLE (Line Drive, 56D)
Batting: RHB Ramón Martínez 0-0: Ball
1-0: Ball
2-0: Ball
3-0: Called Strike
3-1: Base on Balls
Cristián Peña to second
Batting: RHB Derek Carr 0-0: Foul Ball, location: 2F
0-1: Foul Ball, location: 2F
0-2: Ball
1-2: Ball
2-2: Strikes out swinging
Batting: LHB Freddy Herrera 0-0: DOUBLE (Line Drive, 5L)
Cristián Peña scores
Ramón Martínez to third
Batting: RHB Jesús Hernández 0-0: Swinging Strike
0-1: Foul Ball, location: 2F
0-2: Fly out, F8 (Flyball, 8RM)
Runner from 3rd tags up, SCORES, throw made
Batting: RHB Tom Yarbrough 0-0: Called Strike
0-1: Ball
1-1: Foul Ball, location: 2F
1-2: Ball
2-2: Ball
3-2: Foul Ball, location: 2F
3-2: Ground out 4-3 (Groundball, 4)
Top of the 2nd over - 2 run(s), 2 hit(s), 0 error(s), 1 left on base; Calgary 2 - Las Vegas 0
BOTTOM OF THE 2ND
Las Vegas Stars batting - Pitching for Calgary Cowboys : RHP Lucas Taylor
Batting: RHB Mike Mills 0-0: Called Strike
0-1: Swinging Strike
0-2: Foul Ball, location: 2F
0-2: Ball
1-2: Ball
2-2: Fly out, F9 (Flyball, 89M)
Batting: LHB Fernando De La Cruz 0-0: Called Strike
0-1: Foul Ball, location: 2F
0-2: SINGLE (Groundball, 4MD)
Batting: RHB Ryan Campbell 0-0: Ball
1-0: Grounds into double play, 6-4-3 (Groundball, 6)
Bottom of the 2nd over - 0 run(s), 1 hit(s), 0 error(s), 0 left on base; Calgary 2 - Las Vegas 0
TOP OF THE 3RD
Calgary Cowboys batting - Pitching for Las Vegas Stars : RHP Brett Dwyer
Batting: RHB Clark Hodge 0-0: Ball
1-0: Ball
2-0: Called Strike
2-1: Ground out 6-3 (Groundball, 6)
Batting: RHB Mike Wilcox 0-0: Ball
1-0: Ground out 6-3 (Groundball, 6)
Pitching: RHP Bryan Avery
Batting: RHB Dan Wyatt 0-0: Called Strike
0-1: Swinging Strike
0-2: Ground out 5-3 (Groundball, 5L)
Top of the 3rd over - 0 run(s), 0 hit(s), 0 error(s), 0 left on base; Calgary 2 - Las Vegas 0
BOTTOM OF THE 3RD
Las Vegas Stars batting - Pitching for Calgary Cowboys : RHP Lucas Taylor
Batting: LHB Evan Slootweg 0-0: Foul Ball, location: 2F
0-1: Ball
1-1: Swinging Strike
1-2: Ball
2-2: Fly out, F8 (Flyball, 8RD)
Batting: RHB José Zúñiga 0-0: Called Strike
0-1: Called Strike
0-2: Ball
1-2: Fly out, F8 (Flyball, 8RM)
Batting: RHB Bud Major 0-0: Ball
1-0: Ground out 5-3 (Groundball, 56)
Bottom of the 3rd over - 0 run(s), 0 hit(s), 0 error(s), 0 left on base; Calgary 2 - Las Vegas 0
TOP OF THE 4TH
Calgary Cowboys batting - Pitching for Las Vegas Stars : RHP Bryan Avery
Batting: RHB Cristián Peña 0-0: DOUBLE (Flyball, 7LD)
Batting: RHB Ramón Martínez 0-0: DOUBLE (Line Drive, 7LS)
Cristián Peña scores
Batting: RHB Derek Carr 0-0: Ball
1-0: Ball
2-0: SINGLE (Groundball, 6M)
Ramón Martínez to third
Runner from 3rd tries for Home, throw and OUT!
Derek Carr to second
Batting: LHB Freddy Herrera 0-0: Ball
1-0: Foul Ball, location: 2F
1-1: Called Strike
1-2: Strikes out looking
Batting: RHB Jesús Hernández 0-0: Called Strike
0-1: Called Strike
Derek Carr steals 3rd base
0-2: Ball
1-2: Ball
2-2: Ground out 5-3 (Groundball, 56)
Top of the 4th over - 1 run(s), 3 hit(s), 0 error(s), 1 left on base; Calgary 3 - Las Vegas 0
BOTTOM OF THE 4TH
Las Vegas Stars batting - Pitching for Calgary Cowboys : RHP Lucas Taylor
Batting: RHB Xin Zhang 0-0: Foul Ball, location: 2F
0-1: Foul Ball, location: 2F
0-2: Strikes out swinging
Batting: RHB Ron Shelton 0-0: Ball
1-0: Ball
2-0: Ball
3-0: Called Strike
3-1: Called Strike
3-2: Base on Balls
Batting: LHB Eliot Helen 0-0: Called Strike
0-1: Ball
1-1: Ball
2-1: Foul Ball, location: 2F
2-2: Strikes out swinging
Batting: RHB Mike Mills 0-0: Foul Ball, location: 2F
0-1: Ball
1-1: SINGLE (Popup, 4D)
Ron Shelton to second
Runner from 2nd tries for 3rd, SAFE, no throw or cutoff
Batting: LHB Fernando De La Cruz 0-0: Called Strike
0-1: Swinging Strike
0-2: Ball
1-2: Ball
2-2: Ball
Wild Pitch!
Ron Shelton scores
Mike Mills to second
3-2: Strikes out swinging
Bottom of the 4th over - 1 run(s), 1 hit(s), 0 error(s), 1 left on base; Calgary 3 - Las Vegas 1
TOP OF THE 5TH
Calgary Cowboys batting - Pitching for Las Vegas Stars : RHP Bryan Avery
Batting: RHB Tom Yarbrough 0-0: Ball
1-0: SINGLE (Flyball, 7LM)
Batting: RHB Clark Hodge 0-0: Ball
1-0: Ball
2-0: Called Strike
2-1: Ball
3-1: SINGLE (Flyball, 8LS)
Tom Yarbrough to second
Batting: RHB Mike Wilcox 0-0: Ball
1-0: Ball
2-0: Ball
3-0: Called Strike
3-1: Base on Balls
Tom Yarbrough to third
Clark Hodge to second
Batting: RHB Dan Wyatt 0-0: Ground out 4-3 (Groundball, 13)
Tom Yarbrough scores
Clark Hodge to third
Mike Wilcox to second
Batting: RHB Cristián Peña 0-0: Intentional Walk
Batting: RHB Ramón Martínez 0-0: Ball
1-0: Called Strike
1-1: Foul Ball, location: 2F
1-2: SINGLE (Flyball, 9LM)
Clark Hodge scores
Mike Wilcox to third
Cristián Peña to second
Runner from 3rd tries for Home, throw and OUT!
Batting: RHB Derek Carr 0-0: Foul Ball, location: 2F
0-1: Fly out, F4 (Line Drive, 4M)
Top of the 5th over - 2 run(s), 3 hit(s), 0 error(s), 2 left on base; Calgary 5 - Las Vegas 1
BOTTOM OF THE 5TH
Las Vegas Stars batting - Pitching for Calgary Cowboys : RHP Lucas Taylor
Batting: RHB Ryan Campbell 0-0: Fly out, F7 (Flyball, 78D)
Batting: LHB Evan Slootweg 0-0: Called Strike
0-1: Swinging Strike
0-2: Foul Ball, location: 2F
0-2: Ball
1-2: Ball
2-2: Fly out, F8 (Line Drive, 8LS)
Batting: RHB José Zúñiga 0-0: Ground out 3-1 (Groundball, 34)
Bottom of the 5th over - 0 run(s), 0 hit(s), 0 error(s), 0 left on base; Calgary 5 - Las Vegas 1
TOP OF THE 6TH
Calgary Cowboys batting - Pitching for Las Vegas Stars : RHP Bryan Avery
Pitching: RHP Mark Newman
Batting: LHB Freddy Herrera 0-0: Ground out 5-3 (Groundball, 56)
Batting: RHB Jesús Hernández 0-0: Called Strike
0-1: Ball
1-1: Fly out, F8 (Flyball, 8LM)
Batting: RHB Tom Yarbrough 0-0: Swinging Strike
0-1: Foul Ball, location: 2F
0-2: Fly out, F9 (Flyball, 89S)
Top of the 6th over - 0 run(s), 0 hit(s), 0 error(s), 0 left on base; Calgary 5 - Las Vegas 1
BOTTOM OF THE 6TH
Las Vegas Stars batting - Pitching for Calgary Cowboys : RHP Lucas Taylor
Batting: RHB Bud Major 0-0: Called Strike
0-1: Ball
1-1: Ball
2-1: SINGLE (Groundball, 34)
Batting: RHB Xin Zhang 0-0: Ball
1-0: Called Strike
1-1: Foul Ball, location: 2F
1-2: Ball
2-2: Ball
3-2: Foul Ball, location: 2F
3-2: Base on Balls
Bud Major to second
Pitching: RHP Nick Ruby
Batting: RHB Ron Shelton 0-0: Ball
1-0: Ball
2-0: Ball
3-0: Base on Balls
Bud Major to third
Xin Zhang to second
Batting: LHB Eliot Helen 0-0: Called Strike
0-1: Called Strike
0-2: Foul Ball, location: 2F
0-2: Ball
1-2: SINGLE (Flyball, 7S)
Bud Major scores
Xin Zhang to third
Ron Shelton to second
Batting: RHB Mike Mills 0-0: Ball
1-0: Ball
2-0: Ball
3-0: Base on Balls
Xin Zhang scores
Ron Shelton to third
Eliot Helen to second
Batting: LHB Fernando De La Cruz 0-0: Ball
1-0: Called Strike
1-1: SINGLE (Groundball, 34D)
Ron Shelton scores
Eliot Helen to third
Mike Mills to second
Batting: RHB Ryan Campbell 0-0: Ball
1-0: Foul Ball, location: 2F
1-1: Swinging Strike
1-2: Ball
2-2: Ball
3-2: Fly out, F7 (Flyball, 78S)
Batting: LHB Evan Slootweg 0-0: Ball
1-0: Foul Ball, location: 2F
1-1: Ball
2-1: Foul Ball, location: 2F
2-2: Foul Ball, location: 2F
2-2: Foul Ball, location: 2F
2-2: Foul Ball, location: 2F
2-2: Fly out, F8 (Flyball, 89D)
Runner from 3rd tags up, SCORES, no throw
Pitching: LHP Takayuki Ine
Now in CF: Luis Peña
Batting: RHB José Zúñiga 0-0: Ball
1-0: Called Strike
1-1: Ball
Wild Pitch!
Mike Mills to third
Fernando De La Cruz to second
2-1: Ground out 6-3 (Groundball, 6)
Bottom of the 6th over - 4 run(s), 3 hit(s), 0 error(s), 2 left on base; Calgary 5 - Las Vegas 5
TOP OF THE 7TH
Calgary Cowboys batting - Pitching for Las Vegas Stars : RHP Mark Newman
Batting: RHB Luis Peña 0-0: Ball
1-0: Foul Ball, location: 2F
1-1: Ball
2-1: Ball
3-1: SINGLE (Groundball, 6S)
Batting: RHB Mike Wilcox 0-0: Ball
1-0: Foul Ball, location: 2F
1-1: Called Strike
1-2: SINGLE (Groundball, 56D)
Luis Peña to second
Batting: RHB Dan Wyatt 0-0: Called Strike
0-1: Called Strike
Luis Peña steals 3rd base
Mike Wilcox to second
0-2: Strikes out swinging
Batting: RHB Cristián Peña 0-0: Intentional Walk
Batting: RHB Ramón Martínez 0-0: Ball
1-0: Fly out, F9 (Flyball, 89S)
Runner from 3rd tags up, SCORES, throw made
Batting: RHB Derek Carr 0-0: Fly out, F4 (Popup, 3)
Top of the 7th over - 1 run(s), 2 hit(s), 0 error(s), 2 left on base; Calgary 6 - Las Vegas 5
BOTTOM OF THE 7TH
Las Vegas Stars batting - Pitching for Calgary Cowboys : LHP Takayuki Ine
Batting: RHB Bud Major 0-0: Fly out, F7 (Flyball, 7M)
Batting: RHB Xin Zhang 0-0: Ball
1-0: Ball
2-0: Ground out 1-3 (Groundball, 13)
Batting: RHB Ron Shelton 0-0: Ball
1-0: Ball
2-0: Fly out, F8 (Flyball, 8RM)
Bottom of the 7th over - 0 run(s), 0 hit(s), 0 error(s), 0 left on base; Calgary 6 - Las Vegas 5
TOP OF THE 8TH
Calgary Cowboys batting - Pitching for Las Vegas Stars : RHP Mark Newman
Pitching: RHP Wayne Barksdale
Batting: LHB Freddy Herrera 0-0: Fly out, F8 (Flyball, 78XD)
Batting: RHB Jesús Hernández 0-0: Swinging Strike
0-1: Ball
1-1: Ball
2-1: Called Strike
2-2: Foul Ball, location: 2F
2-2: Ball
3-2: Base on Balls
Pinch Hitting: RHB Shayne Burry 0-0: Ball
1-0: Called Strike
1-1: Ball
2-1: Swinging Strike
2-2: Ball
3-2: Strikes out swinging
Jesús Hernández is caught stealing 2nd base
Batter strikes out.
Top of the 8th over - 0 run(s), 0 hit(s), 0 error(s), 0 left on base; Calgary 6 - Las Vegas 5
BOTTOM OF THE 8TH
Las Vegas Stars batting - Pitching for Calgary Cowboys : LHP Takayuki Ine
Pitching: LHP Alfredo Durán
Now at SS: Iain Liefting
Batting: LHB Eliot Helen 0-0: Foul Ball, location: 2F
0-1: Ball
1-1: Called Strike
1-2: Foul Ball, location: 2F
1-2: Ground out 4-3 (Groundball, 4M)
Pitching: RHP Mitsunari Jouda
Batting: RHB Mike Mills 0-0: Ball
1-0: Foul Ball, location: 2F
1-1: Ball
2-1: Foul Ball, location: 2F
2-2: Foul Ball, location: 2F
2-2: Ground out 5-3 (Groundball, 5)
Batting: LHB Fernando De La Cruz 0-0: Ball
1-0: Ball
2-0: Ball
3-0: Base on Balls
Pinch Hitting: SHB Sloan James 0-0: Fly out, F8 (Flyball, 8RM)
Bottom of the 8th over - 0 run(s), 0 hit(s), 0 error(s), 1 left on base; Calgary 6 - Las Vegas 5
TOP OF THE 9TH
Calgary Cowboys batting - Pitching for Las Vegas Stars : RHP Wayne Barksdale
Now at SS: Orlando García
Batting: RHB Luis Peña 0-0: Called Strike
0-1: Ball
1-1: Ball
2-1: Ball
3-1: Fly out, F8 (Flyball, 89D)
Batting: RHB Mike Wilcox 0-0: Foul Ball, location: 2F
0-1: Ball
1-1: Reached on error, E6 (Groundball, 6)
Batting: RHB Dan Wyatt 0-0: Ball
Mike Wilcox is caught stealing 2nd base
1-0: Fly out, F3 (Popup, 3S)
Top of the 9th over - 0 run(s), 0 hit(s), 1 error(s), 0 left on base; Calgary 6 - Las Vegas 5
BOTTOM OF THE 9TH
Las Vegas Stars batting - Pitching for Calgary Cowboys : RHP Mitsunari Jouda
Pitching: RHP Tatsuzo Harada
Batting: LHB Evan Slootweg 0-0: Ball
1-0: Ball
2-0: Called Strike
2-1: Ball
3-1: Swinging Strike
3-2: Strikes out swinging
Batting: RHB José Zúñiga 0-0: Ball
1-0: Foul Ball, location: 2F
1-1: Swinging Strike
1-2: Ball
2-2: Strikes out swinging
Batting: RHB Bud Major 0-0: Swinging Strike
0-1: Ball
1-1: Foul Ball, location: 2F
1-2: Ground out 6-3 (Groundball, 6)
Bottom of the 9th over - 0 run(s), 0 hit(s), 0 error(s), 0 left on base; Calgary 6 - Las Vegas 5
This league is powered by Out of the Park Baseball, the baseball management simulation game for PC, Mac and Linux
Saturday, April 9th, 2016 - OOTP Baseball 16.8 Build 38